 Dungeon Crawl Stone Soup version 0.29.0-7-g18a832c13a (webtiles) character file.

Game seed: 10547591404012222575

1260 YellowJello the Grappler (level 8, -2/78 HPs)
             Began as a Troll Berserker on Aug 30, 2022.
             Was a Believer of Trog.
             Slain by an orc warrior
             ... wielding a +0 trident
              (14 damage)
             ... on level 6 of the Dungeon.
             The game lasted 00:12:43 (3665 turns).

YellowJello the Grappler (Troll Berserker)          Turns: 3665, Time: 00:12:43

Health: -2/78      AC:  4    Str: 28    XL:     8   Next: 27%
Magic:  7/7        EV: 11    Int:  3    God:    Trog [**....]
Gold:   182        SH:  0    Dex: 15    Spells: 7/7 levels left

rFire   + . .      SeeInvis .     - Unarmed
rCold   . . .      Faith    .   (no shield)
rNeg    . . .      Spirit   .   a - +0 animal skin
rPois   .          Reflect  .   (helmet restricted)
rElec   .          Harm     .   (no cloak)
rCorr   .          Rampage  .   (gloves unavailable)
Will    .....                   (boots unavailable)
Stlth   ++........              (no amulet)
HPRegen 1.03/turn               b - ring of protection from fire
MPRegen 0.10/turn               f - +6 ring of dexterity

@: brilliant, on berserk cooldown
A: large, unfitting armour, claws 3, regeneration 1, shaggy fur 1, tough skin 1
a: Renounce Religion, Berserk, Trog's Hand


You were on level 6 of the Dungeon.
You worshipped Trog.
Trog was pleased with you.
You visited 1 branch of the dungeon, and saw 5 of its levels.

You collected 182 gold pieces.

Inventory:

Hand Weapons
 s - a +0 dire flail of holy wrath
Armour
 a - a +0 animal skin (worn)
 t - a +2 ring mail of fire resistance
Jewellery
 b - a ring of protection from fire (left claw)
 f - a +6 ring of dexterity (right claw)
 m - a ring of willpower
 r - a +6 ring of intelligence
Scrolls
 c - 2 scrolls of teleportation
 d - a scroll of magic mapping {unknown}
 g - a scroll of enchant armour {unknown}
 h - a scroll of poison {unknown}
 i - 2 scrolls of torment {unknown}
 j - a scroll of blinking {unknown}
 n - a scroll of vulnerability {unknown}
 o - a scroll of identify {unknown}
 u - a scroll of fear {unknown}
Potions
 e - 3 potions of berserk rage
 k - a potion of cancellation
 p - a potion of brilliance
 v - a potion of haste {unknown}


   Skills:
 + Level 4.1 Fighting
 + Level 4.5 Dodging
 + Level 1.0 Stealth
 + Level 8.2 Unarmed Combat


You had 7 spell levels left.
You didn't know any spells.
Your spell library was empty.

Dungeon Overview and Level Annotations

Branches:
Dungeon (6/15)
 Temple: D:4-7

Altars:
Trog
Yredelemnul
The Shining One

Portals:
Ossuary: D:6


Innate Abilities, Weirdness & Mutations

You are too large for most types of armour.
You have claws for hands.
Your natural rate of healing is unusually fast.
You are covered in fur. (AC +1)
You have tough skin. (AC +1)


Message History

You are no longer poisoned.
The orc barely misses you. The orc warrior barely misses you.
You barely miss the orc. Your claw misses the orc.
The hound closely misses you. The orc hits you with a +0 dagger.
The orc warrior closely misses you. The hound bites you.
You claw the orc!
You kill the orc!
Trog accepts your kill. The hound barely misses you.
The orc warrior hits you from afar with a +0 trident!
The hound closely misses you. The orc warrior closely misses you.
The jelly hits you but does no damage.
You mangle the jelly!!
You kill the jelly!
Trog accepts your kill. The hound closely misses you.
The hound barely misses you.
The orc warrior hits you from afar with a +0 trident!!
* * * LOW HITPOINT WARNING * * *
The orc hits you with a +0 club.
* * * LOW HITPOINT WARNING * * *
You're still recovering from your berserk rage.
It was a potion of cancellation.
Your magical effects are unravelling.
You feel magically purged.
You feel yourself speed up. The hound bites you but does no damage.
The orc warrior closely misses you. The hound barely misses you.
It was a potion of heal wounds.
You feel much better. The hound completely misses you.
The orc hits you with a +0 club.
The orc warrior hits you from afar with a +0 trident!
* * * LOW HITPOINT WARNING * * *
The hound misses you.
It was a potion of brilliance.
You feel clever all of a sudden.
The orc warrior hits you from afar with a +0 trident!
* * * LOW HITPOINT WARNING * * *
The hound barely misses you.
It was a potion of curing.
You feel better. The hound closely misses you.
The orc warrior hits you from afar with a +0 trident!
You die...

..#.# ..... .....# ......
......# #.# s...$#.o## #.#
#.#
........o######.###.######
........h@)...............
.....#.###)#####.###.#..###
......#.......#.# #.#..#
#.....
#.###8.#####.#.###....#
..... ##...#.# #.#.#...##.#
.... .#.....# #.....####.#
..^#∩......# #....## #.##
....#...### ##...# #..##
.#)..$# #....## ##.#.


You could see an orc warrior, a hound and an orc.

Vanquished Creatures
  Edmund (D:6)
  A water moccasin (D:5)
  2 ice beasts (D:6)
  A black bear (D:5)
  An ogre (D:5)
  2 necrophages
  A bullfrog (D:6)
  A scorpion (D:6)
  3 hounds
  A jelly (D:6)
  2 orc priests
  2 iguanas (D:4)
  An orc wizard (D:4)
  4 adders
  6 gnolls
  A shadow imp (D:5)
  A white imp (D:6)
  A worm (D:4)
  14 orcs
  A bat (D:1)
  7 endoplasms
  3 giant cockroaches
  4 goblins
  4 hobgoblins
  2 jackals (D:4)
  4 kobolds
  5 quokkas
  7 ball pythons
  3 frilled lizards (D:1)
  3 rats
89 creatures vanquished.

Notes
Turn   | Place    | Note
-------+----------+-------------------------------------------
     0 | D:1      | YellowJello the Troll Berserker began the quest for the
                  | Orb.
     0 | D:1      | Reached XP level 1. HP: 22/22 MP: 0/0
   132 | D:1      | Reached XP level 2. HP: 29/29 MP: 1/1
   554 | D:2      | Reached ** piety under Trog
   617 | D:2      | Reached XP level 3. HP: 32/36 MP: 2/2
   636 | D:2      | Found a faded altar of an unknown god.
   642 | D:2      | You fall into a shaft and drop 2 floors!
   713 | D:4      | Reached skill level 4 in Unarmed Combat
   713 | D:4      | Reached XP level 4. HP: 16/44 MP: 3/3
   883 | D:4      | Reached XP level 5. HP: 53/53 MP: 4/4
  1254 | D:4      | Found a glowing golden altar of the Shining One.
  1676 | D:4      | Reached skill level 5 in Unarmed Combat
  1904 | D:4      | Reached XP level 6. HP: 60/61 MP: 5/5
  1920 | D:5      | Entered Level 5 of the Dungeon
  2078 | D:5      | Reached skill level 6 in Unarmed Combat
  2124 | D:5      | Reached XP level 7. HP: 43/68 MP: 6/6
  2302 | D:5      | Reached skill level 7 in Unarmed Combat
  3022 | D:5      | Found a bloodstained altar of Trog.
  3022 | D:5      | Found a basalt altar of Yredelemnul.
  3240 | D:6      | Noticed Edmund
  3249 | D:6      | Killed Edmund
  3450 | D:6      | Reached XP level 8. HP: 78/78 MP: 7/7
  3562 | D:6      | Found a sand-covered staircase.
  3647 | D:6      | Reached skill level 8 in Unarmed Combat
  3655 | D:6      | Reached skill level 1 in Stealth
  3665 | D:6      | Slain by an orc warrior

Illustrated notes

Levels and vault maps discovered:
D:1:      tarquinn_simple_flora_water_a, layout_rooms,
          hangedman_decor_clover_reticule
D:2:      layout_basic, basic_ecumenical_altar, grunt_ministairs_1
D:4:      layout_basic, nicolae_overflow_crystal_walls, minmay_unequal
D:5:      black_bear_nest_2, layout_cave_pods, nicolae_overflow_two_pavilions,
          nemelex_spade_bored_becter
D:6:      layout_rooms, grunt_gozag_statues, grunt_qazlal_sundering,
          lightli_ossuary_entry_decrepit_ruins, grunt_ministairs_3,
          minmay_misc_feat_nine_boxes, pf_guarded_unrand_woodcutter, uniq_edmund

Skill      XL: |  1  2  3  4  5  6  7  8 |
---------------+-------------------------+-----
Unarmed Combat | 4 5 6 7 8 |  8.2
Fighting       | 3 4 |  4.1
Dodging        | 3 4 |  4.5
Stealth        | 1 |  1.0

Action                   |  1- 3 |  4- 6 |  7- 9 || total
-------------------------+-------+-------+-------++-------
Melee: Unarmed           |    72 |    99 |    72 ||   243
       Punch             |     5 |     3 |     2 ||    10
Invok: Berserk           |       |     1 |     4 ||     5
  Use: Potion            |       |     1 |     4 ||     5
       Scroll            |       |     1 |       ||     1
 Stab: Sleeping          |       |       |     1 ||     1
Armor: Animal skin       |    23 |    30 |     9 ||    62
Dodge: Dodged            |    39 |    60 |    48 ||   147
